 Dungeon Crawl Stone Soup version 0.23-a0-393-g6e9e0f2 (webtiles) character file.

4 magipi the Chucker (level 1, 0/20 HPs)
             Began as a Troll Hunter on Oct 31, 2018.
             Slain by a jackal (1 damage)
             ... on level 1 of the Dungeon.
             The game lasted 00:00:43 (43 turns).

magipi the Chucker (Troll Hunter)                     Turns: 43, Time: 00:00:44

Health: 0/20       AC:  5    Str: 19    XL:     1   Next: 50%
Magic:  0/0        EV: 10    Int:  7    God:
Gold:   0          SH:  0    Dex: 10    Spells: 0/0 levels left

rFire    . . .     SeeInvis .   a - +0 short sword
rCold    . . .     Gourm    +   (no shield)
rNeg     . . .     Faith    .   b - +0 robe
rPois    .         Spirit   .   (helmet restricted)
rElec    .         Reflect  .   (no cloak)
rCorr    .         Harm     .   (gloves unavailable)
MR       .....                  (boots unavailable)
Stlth    +.........             (no amulet)
HPRegen  0.46/turn              (no ring)
MPRegen  0.07/turn              (no ring)

@: no status effects
A: large, unfitting armour, claws 3, fast metabolism 3, gourmand, regeneration
1, shaggy fur 1, tough skin 2
a: no special abilities


You were on level 1 of the Dungeon.
You were not hungry.

You visited 1 branch of the dungeon, and saw 1 of its levels.

Inventory:

Hand Weapons
 a - a +0 short sword (weapon)
Missiles
 c - 5 large rocks (quivered)
 d - 2 throwing nets
Armour
 b - a +0 robe (worn)
Comestibles
 f - 2 rations


   Skills:
 + Level 1.6 Fighting
 + Level 3.6 Throwing
 - Level 1.5 Dodging
 - Level 0.3 Stealth
 * Level 0.6 Unarmed Combat


You couldn't memorise any spells.
You didn't know any spells.
Your spell library was empty.

Dungeon Overview and Level Annotations

Branches:
Dungeon (1/15)

Altars:


Innate Abilities, Weirdness & Mutations

You are too large for most types of armour.
You have claws for hands.
Your metabolism is lightning-fast.
You like to eat raw meat.
Your natural rate of healing is unusually fast.
You are covered in fur. (AC +1)
You have very tough skin. (AC +2)


Message History

The jackal barks!
The bat barely misses you.
A jackal comes into view.
You see here a robe.
You closely miss the kobold.
The jackal barks!
You hear a bark!
The bat hits you but does no damage. The kobold hits you but does no damage.
Unknown command.
You barely miss the kobold. The bat barely misses you.
The kobold barely misses you.
A jackal comes into view.
The jackal barks!
You hit the kobold.
The kobold is moderately wounded.
The bat hits you but does no damage. The kobold barely misses you.
A kobold comes into view.
The kobold shouts!
You puncture the kobold!
You kill the kobold!
The bat hits you but does no damage. The jackal barely misses you.
Unknown command.
You hit the jackal.
You kill the jackal!
The bat barely misses you.
Unknown command.
You hit the jackal.
The jackal is lightly wounded.
The bat hits you but does no damage.
The jackal bites you but does no damage. x2
Unknown command.
The bat hits you. The bat closely misses you.
The jackal bites you but does no damage.
The jackal bites you. The bat closely misses you. The bat hits you.
The bat hits you but does no damage. The jackal barely misses you.
The bat hits you but does no damage. The bat barely misses you.
The bat misses you.
A goblin comes into view. It is wielding a +0 dagger.
The goblin shouts!
The goblin moves out of view.
The jackal barely misses you.
A leopard gecko and a bat come into view.
The jackal closely misses you.
The bat moves out of view.
The leopard gecko hisses angrily.
The jackal bites you.
Unknown command.
You closely miss the leopard gecko. The leopard gecko closely misses you.
The jackal closely misses you.
You closely miss the leopard gecko. The jackal misses you.
The jackal bites you but does no damage.
The leopard gecko barely misses you. The jackal closely misses you.
The leopard gecko completely misses you.
The jackal bites you but does no damage.
Unknown command.
You closely miss the leopard gecko. The jackal bites you.
The leopard gecko bites you but does no damage.
You hit the leopard gecko.
The leopard gecko is almost dead.
The jackal closely misses you. The jackal barely misses you.
The leopard gecko bites you but does no damage.
The jackal completely misses you. The goblin hits you but does no damage.
The jackal barely misses you.
Unknown command.
You miss the leopard gecko.
The leopard gecko is almost dead.
The leopard gecko bites you. The jackal closely misses you.
The jackal barely misses you. The goblin barely misses you.
The leopard gecko bites you. The jackal barely misses you.
Unknown command.
You closely miss the leopard gecko.
The leopard gecko is almost dead.
The jackal closely misses you. The jackal barely misses you.
The goblin hits you with a +0 dagger. The leopard gecko bites you.
* * * LOW HITPOINT WARNING * * *
The jackal closely misses you.
You miss the leopard gecko.
The leopard gecko is almost dead.
The jackal bites you.
* * * LOW HITPOINT WARNING * * *
The jackal bites you but does no damage.
The leopard gecko barely misses you. The goblin hits you but does no damage.
The jackal bites you but does no damage.
You miss the leopard gecko.
The leopard gecko is severely wounded.
The jackal bites you but does no damage.
The leopard gecko bites you but does no damage.
The jackal bites you but does no damage.
The goblin barely misses you.
The jackal bites you but does no damage.
The leopard gecko bites you but does no damage.
Unknown command.
You barely miss the leopard gecko.
The leopard gecko is severely wounded.
The jackal barely misses you. The jackal bites you.
* * * LOW HITPOINT WARNING * * *
The goblin hits you with a +0 dagger.
* * * LOW HITPOINT WARNING * * *
The leopard gecko closely misses you. The jackal bites you.
You die...

......#.#.. ...
#...# ### ..#
####(### .. ...#
##..[.... #.#
...###.....(.. ..
#..##......... #b
##..#..K.......
#l###..##..........
#h@#..#.#..........
##ghb#..b......<...
#hK..#.#..........
##....##..........
##....#..........
###..##.........
#..###........ #..#
##....... #..#
####.###


You could see a leopard gecko, 3 jackals, a goblin, 2 bats and a kobold.

Vanquished Creatures
  A hobgoblin (D:1)
  A jackal (D:1)
  A kobold (D:1)
  A rat (D:1)
4 creatures vanquished.

Notes
Turn   | Place    | Note
-------+----------+-------------------------------------------
     0 | D:1      | magipi the Troll Hunter began the quest for the Orb.
     0 | D:1      | Reached XP level 1. HP: 19/19 MP: 0/0
    43 | D:1      | HP: 1/20 [goblin/+0 dagger (3)]
    43 | D:1      | Slain by a jackal

Vault maps used:
D:1:      psy_arrival_dodecagon

Action                   || total
-------------------------++-------
Melee: Short sword       ||    20
Armor: Robe              ||    26
Dodge: Dodged            ||    40

Table legend:
 A = Non-vault XP
 B = Vault XP
 C = Vault XP percentage of total XP
 D = Non-vault monster count
 E = Vault monster count
 F = Vault count percentage of total count
                 A         B        C        D         E       F
            +---------+---------+-------+---------+---------+-------
      Total |       6 |       0 |   0.0 |       4 |       0 |   0.0
            +---------+---------+-------+---------+---------+-------
        D:1 |       6 |       0 |   0.0 |       4 |       0 |   0.0
            +---------+---------+-------+---------+---------+-------

Action                   || total
-------------------------++-------
Melee: Short sword       ||    20
Armor: Robe              ||    26
Dodge: Dodged            ||    40
